 Dungeon Crawl Stone Soup version 0.18.1-48-g4cf74bf (webtiles) character file.

469 PossumBlood the Thaumaturge (level 6, -3/32 HPs)
             Began as a Deep Elf Wizard on Aug 17, 2016.
             Slain by an ogre
             ... wielding a +0 giant club
              (19 damage)
             ... on level 4 of the Dungeon.
             The game lasted 00:12:56 (4416 turns).

PossumBlood the Thaumaturge (Deep Elf Wizard)       Turns: 4416, Time: 00:12:57

Health: -3/32      AC:  6    Str:  4    XL:     6   Next: 82%
Magic:  13/19      EV: 12    Int: 21    God:
Gold:   206        SH:  0    Dex: 13    Spells: 5 memorised, 11 levels left

rFire  . . .     SeeInvis .     k - +2 dagger (drain)
rCold  . . .     Gourm    .     j - +0 robe
rNeg   . . .     Faith    .     (no shield)
rPois  .         Spirit   .     b - +0 hat
rElec  .         Dismiss  .     d - +0 cloak
rCorr  .         Reflect  .     (no gloves)
SustAt .         Harm     .     o - +0 pair of boots
MR     .....                    (no amulet)
Stlth  ++........               g - -4 ring of intelligence (curse)
                                f - +2 ring of protection

@: not resistant to hostile enchantments, unstealthy
A: no striking features
a: no special abilities


You were on level 4 of the Dungeon.
You were not hungry.

You visited 1 branch of the dungeon, and saw 4 of its levels.

You collected 206 gold pieces.

Inventory:

Hand Weapons
 a - a cursed -3 dagger
 k - a +2 dagger of draining (weapon)
 q - a +0 vampiric dagger
Armour
 b - a +0 hat (worn)
 d - a +0 cloak (worn)
 j - a +0 robe (worn)
 l - a +0 robe
 o - a +0 pair of boots (worn)
Jewellery
 f - a +2 ring of protection (left hand)
 g - a cursed -4 ring of intelligence (right hand)
 p - an uncursed ring of ice
 t - an uncursed ring of ice
Scrolls
 m - 5 scrolls of teleportation
Potions
 e - 2 potions of flight
 h - a potion of might
 i - a potion of lignification
 r - a potion of agility
 s - a potion of cure mutation {unknown}
 u - a potion of mutation {unknown}
Books
 c - a book of Minor Magic

   Spells                             Type                      Level
   a - Magic Dart                     Conjuration                  1
   b - Blink                          Translocation                2
   c - Call Imp                       Summoning                    2
   d - Repel Missiles                 Charms/Air                   2
   e - Slow                           Hexes                        2
   f - Conjure Flame                  Conjuration/Fire             3
   g - Mephitic Cloud                 Conjuration/Poison/Air       3
Comestibles
 n - 5 fruits


   Skills:
 - Level 2.4 Dodging
 - Level 2.4 Stealth
 + Level 8.0 Spellcasting
 + Level 5.5 Conjurations
   Level 1.1 Summonings
 - Level 1.1 Translocations


You had 11 spell levels left.
You knew the following spells:

 Your Spells              Type           Power        Failure   Level  Hunger
a - Magic Dart            Conj           ####         1%          1    None
b - Blink                 Tloc           N/A          10%         2    None
c - Repel Missiles        Chrm/Air       #.....       12%         2    None
d - Slow                  Hex            #.......     12%         2    None
e - Conjure Flame         Conj/Fire      ###.....     10%         3    None


Dungeon Overview and Level Annotations

Branches:
Dungeon (4/15)
 Temple: D:4-7

Altars:
Elyvilon
Fedhas


Message History

Casting: Magic Dart
Confirm with . or Enter, or press ? or * to list all spells.
Aiming: Magic Dart
Press: ? - help, Shift-Dir - straight line, f/p - ogre
Aim: an ogre, wielding a giant club (heavily wounded)
The magic dart hits the ogre.
The ogre is severely wounded.
The ogre hits you with a giant club!
Ouch! That really hurt!
Casting: Magic Dart
Confirm with . or Enter, or press ? or * to list all spells.
Aiming: Magic Dart
Press: ? - help, Shift-Dir - straight line, f/p - ogre
Aim: an ogre, wielding a giant club (severely wounded)
The magic dart hits the ogre.
The ogre is severely wounded.
You hear the rapid hiss of a distant avalanche of sand.
The ogre hits you with a giant club!!
Ouch! That really hurt!
You die...

#...# #........
#####...######.(......
......................
####...#####.........
#...# ##........ #...#
#..###### #...# ##.#
#...### #.#
#@..#....##.######
......O...+.............
.....######....###.#####
.... #... #..# ... #..
##.## .. #. #..# # #
##.## #..# ## ##.#


You could see an ogre.

Vanquished Creatures
  2 hounds (D:4)
  An orc priest (D:4)
  A giant frog skeleton (D:4)
  3 orc wizards
  Jessica (D:2)
  Terence (D:2)
  3 worker ants (D:4)
  5 adders
  2 worms (D:3)
  4 giant geckos
  16 orcs
  A giant cockroach (D:1)
  9 hobgoblins
  3 jackals (D:1)
  2 quokkas
  2 ball pythons
  9 bats
  6 giant newts
  10 goblins
  5 kobolds
  9 rats
95 creatures vanquished.

Notes
Turn   | Place    | Note
--------------------------------------------------------------
     0 | D:1      | PossumBlood the Deep Elf Wizard began the quest for the Orb.
     0 | D:1      | Reached XP level 1. HP: 10/10 MP: 7/7
   217 | D:1      | Reached XP level 2. HP: 12/15 MP: 0/9
   813 | D:1      | Reached skill level 5 in Spellcasting
   933 | D:2      | You fall through a shaft!
  1028 | D:2      | Reached XP level 3. HP: 16/19 MP: 7/11
  1264 | D:2      | Noticed Terence
  1288 | D:2      | Killed Terence
  1603 | D:2      | Noticed Jessica
  1609 | D:2      | Killed Jessica
  1609 | D:2      | Reached XP level 4. HP: 9/24 MP: 7/13
  1904 | D:2      | Reached skill level 6 in Spellcasting
  2394 | D:2      | Found a white marble altar of Elyvilon.
  2534 | D:3      | Reached XP level 5. HP: 28/28 MP: 11/15
  2669 | D:3      | Found a blossoming altar of Fedhas.
  3061 | D:3      | Found a faded altar to an unknown god.
  3248 | D:3      | Learned a level 2 spell: Blink
  3251 | D:3      | Learned a level 2 spell: Repel Missiles
  3254 | D:3      | Learned a level 2 spell: Slow
  3258 | D:3      | Learned a level 3 spell: Conjure Flame
  3721 | D:4      | Reached skill level 7 in Spellcasting
  3786 | D:4      | Reached XP level 6. HP: 32/32 MP: 14/18
  3811 | D:4      | Reached skill level 5 in Conjurations
  4252 | D:4      | Reached skill level 8 in Spellcasting
  4416 | D:4      | Slain by an ogre

Skill      XL: |  1  2  3  4  5  6 |
---------------+-------------------+-----
Conjurations   | 2 3 4 5 |  5.5
Spellcasting   | 5 6 7 8 |  8.0
Dodging        | |  2.4
Stealth        | |  2.4
Summonings     | |  1.1
Translocations | |  1.1

Action                   |  1- 3 |  4- 6 || total
-------------------------+-------+-------++-------
Melee: Unarmed           |     6 |       ||     6
       Dagger            |    16 |     1 ||    17
 Cast: Magic Dart        |    80 |   187 ||   267
  Use: Scroll            |     3 |     8 ||    11
       Potion            |     1 |       ||     1
  Eat: Bread ration      |     1 |     1 ||     2
       Fruit             |       |     2 ||     2
Armor: Robe              |     7 |    17 ||    24
       Skin              |     9 |       ||     9
Dodge: Dodged            |    27 |    21 ||    48
